 Dungeon Crawl Stone Soup version 0.19.0-2-gae57169 (webtiles) character file.

102327 varam the Spry (level 15, -6/141 HPs)
             Began as a Minotaur Gladiator on Nov 3, 2016.
             Was a High Priest of Okawaru.
             Mangled by a salamander
             ... wielding a +0 glaive
              (14 damage)
             ... on level 2 of the Snake Pit.
             The game lasted 01:31:00 (34332 turns).

varam the Spry (Minotaur Gladiator)                Turns: 34332, Time: 01:31:02

Health: -6/141     AC: 12    Str: 22    XL:     15   Next: 85%
Magic:  15/21      EV: 28    Int:  3    God:    Okawaru [*****.]
Gold:   2575       SH:  0    Dex: 18    Spells: 3 memorised, 7 levels left

rFire  + . .     SeeInvis .     t - +0 lajatang (pain)
rCold  . . .     Gourm    .     K - +0 troll leather armour
rNeg   . . .     Faith    .     (shield currently unavailable)
rPois  +         Spirit   .     c - +0 hat
rElec  .         Reflect  .     s - +0 cloak {MR+}
rCorr  .         Harm     .     O - +0 pair of gloves
MR     +++..     Clarity  +     h - +0 pair of boots
Stlth  +++.......               N - amulet of regeneration
                                E - ring of protection from magic
                                a - +3 ring of dexterity

@: lethally poisoned (-6 -> -7), heroism, finesse, constricted
A: retaliatory headbutt, horns 2, blink, clarity, dopey 1, fire resistance 1,
poison resistance, no device heal 1
a: Blink, Heroism, Finesse, Renounce Religion


You were on level 2 of the Snake Pit.
You worshipped Okawaru.
Okawaru was extremely pleased with you.
You were not hungry.

You visited 6 branches of the dungeon, and saw 28 of its levels.
You also visited: Labyrinth.

You collected 2792 gold pieces.
You spent 217 gold pieces at shops.

Inventory:

Hand Weapons
 b - a +0 quarterstaff of freezing
 n - a +3 eveningstar of protection
 t - a +0 lajatang of pain (weapon)
 w - a +0 blowgun
 C - a +2 quarterstaff of draining
Missiles
 d - a throwing net
 p - 41 tomahawks (quivered)
 x - 100 poisoned needles
 B - 3 poisoned javelins
 F - 6 javelins
Armour
 c - a +0 hat (worn)
 h - a +0 pair of boots (worn)
 s - a +0 cloak of magic resistance (worn)
 K - a +0 troll leather armour (worn)
 O - a +0 pair of gloves (worn)
Jewellery
 a - a +3 ring of dexterity (left hand)
 e - an uncursed ring of see invisible
 q - an uncursed ring of fire
 u - an uncursed ring of ice
 z - an uncursed ring of stealth
 D - an uncursed ring of protection from fire
 E - a ring of protection from magic (right hand)
 G - an uncursed amulet of rage
 M - an uncursed ring of positive energy
 N - an amulet of regeneration (around neck)
 P - a +5 ring of strength
 Q - the amulet "Bomaidur" {Spirit rPois rC+}
   (You found it in a labyrinth)

   [amulet of guardian spirit]

   It causes incoming damage to be split between your health and magic.
   It protects you from cold.
   It protects you from poison.
 X - an uncursed ring of resist corrosion
Wands
 J - a wand of paralysis (4/24)
 L - a wand of slowing (18/48)
 R - a wand of iceblast (11/15)
 T - a wand of digging (12/24)
 U - a wand of iceblast (3/15)
Scrolls
 g - 5 scrolls of blinking
 k - 3 scrolls of fog
 l - a scroll of identify
 o - 10 scrolls of remove curse
 v - 5 scrolls of teleportation
 H - 3 scrolls of fear
 V - a scroll of vulnerability {unknown}
Potions
 m - 4 potions of curing
 I - 2 potions of agility
 Y - a potion of might
Books
 f - a book of Conjurations

   Spells                             Type                      Level
   a - Magic Dart                     Conjuration                  1
   b - Searing Ray                    Conjuration                  2
   c - Dazzling Spray                 Conjuration/Hexes            3
   d - Fulminant Prism                Conjuration/Hexes            4
   e - Iskenderun's Mystic Blast      Conjuration                  4
   f - Iskenderun's Battlesphere      Conjuration/Charms           5
 r - Roxanne's Almanac of Moulding
   (You took it off Roxanne on level 1 of the Snake Pit)

   Spells                             Type                      Level
   a - Beastly Appendage              Transmutation                1
   b - Passwall                       Transmutation/Earth          2
   c - Petrify                        Transmutation/Earth          4
   d - Alistair's Intoxication        Transmutation/Poison         5
   e - Statue Form                    Transmutation/Earth          6
 y - a book of Party Tricks

   Spells                             Type                      Level
   a - Summon Butterflies             Summoning                    1
   b - Apportation                    Translocation                1
   c - Lesser Beckoning               Translocation                3
   d - Tukima's Dance                 Hexes                        3
   e - Alistair's Intoxication        Transmutation/Poison         5
   f - Invisibility                   Hexes                        6
 W - a book of Minor Magic

   Spells                             Type                      Level
   a - Magic Dart                     Conjuration                  1
   b - Blink                          Translocation                2
   c - Call Imp                       Summoning                    2
   d - Repel Missiles                 Charms/Air                   2
   e - Slow                           Hexes                        2
   f - Conjure Flame                  Conjuration/Fire             3
   g - Mephitic Cloud                 Conjuration/Poison/Air       3
Miscellaneous
 i - a box of beasts
Comestibles
 j - a bread ration
 A - 3 beef jerkies
 Z - 5 chunks of flesh


   Skills:
 - Level 15.3(20.3) Fighting
 - Level 14.2(19.2) Staves
 - Level 2.0(7.0) Throwing
 - Level 11.0(16.0) Armour
 + Level 19.1(24.1) Dodging
 - Level 10.0 Invocations


You had 7 spell levels left.
You knew the following spells:

 Your Spells              Type           Power        Failure   Level  Hunger
a - Lesser Beckoning      Tloc           #.........   99%         3    ####...
b - Blink                 Tloc           N/A          89%         2    ###....
c - Passwall              Tmut/Erth      #.........   89%         2    ###....


Dungeon Overview and Level Annotations

Branches:
Dungeon (15/15)            Temple (1/1) D:6            Lair (6/6) D:10
 Shoals (0/4) Lair:3        Snake (2/4) Lair:3        Slime (0/5) Lair:5
    Orc (2/2) D:11            Elf (0/3) Orc:2        Vaults (0/5) D:14
 Depths (2/5) D:15

Altars:
Cheibriados
Dithmenos
Gozag
Nemelex Xobeh
Okawaru
Vehumet
Xom
Beogh
Jiyva

Shops:
D:4 (   D:9 *   Orc:1 [   Orc:2 [(}}

Annotations:
D:3 Dustman's ghost, amateur HuGl
Lair:2 exclusion: 2 oklob plants
Lair:4 exclusion: oklob plant
Lair:6 Josephine


Innate Abilities, Weirdness & Mutations

You reflexively headbutt those who attack you in melee.
You have a pair of horns on your head.
You can translocate small distances at will.
You possess an exceptional clarity of mind.
You are dopey. (Int -2)
Your flesh is heat resistant. (rF+)
Your system is resistant to poisons. (rPois)
Potions and wands are less effective at restoring your health.


Message History

The naga moves out of view.
Unknown command.
You miss the shock serpent.
The shock serpent is moderately wounded.
The shock serpent bites you.
* * * LOW HITPOINT WARNING * * *
The shock serpent shocks you!
* * * LOW HITPOINT WARNING * * *
The naga warrior hits you with a mace!
* * * LOW HITPOINT WARNING * * *
x2 The naga warrior constricts you.
The guardian serpent casts a spell at you.
You resist with almost no effort.
Your system partially rejects the healing.
You feel much better. The shock serpent closely misses you.
You furiously retaliate!
You headbutt the shock serpent. The guardian serpent hits you!
* * * LOW HITPOINT WARNING * * *
The salamander hits you with a glaive!
You die...

##...##...###....#....#
###...#.#.....##....##
##...#.#####..##......#
#......## ##..#......##
#.......# ###........#
#........# #(........
..........# #........#
#.......... #SN)%...!#
##.........# #.@.....##
#......... ##NS..###
#........ ..#..#
##....... .####.#
...... .# ... .... N#
.... .. .... .# #..


You could see a naga warrior, a salamander, a shock serpent, a guardian serpent
and a naga.

Vanquished Creatures
  Roxanne (Snake:1)
  Snorg (D:10)
  A minotaur (Lab)
  A yaktaur captain (D:15)
  A fire dragon (Depths:1)
  Fannar (D:10)
  6 hydras
  3 naga warriors (Snake:1)
  7 centaur warriors
  A catoblepas (Lair:6)
  3 anacondas
  A deep troll shaman (Lair:6)
  A death knight (D:14)
  12 death yaks
  A tengu warrior (D:15)
  An orc high priest (Orc:1)
  4 naga sharpshooters
  Urug (Orc:1)
  A shock serpent (Snake:1)
  Sonja (D:11)
  A skeletal warrior (D:14)
  A sixfirhy (D:12)
  A salamander mystic (Snake:2)
  2 unseen horrors
  The ghost of Dustman the Carver, a novice HuGl of Makhleb (D:8)
  A deep elf archer (D:14)
  4 hill giants
  A lindwurm (Lair:6)
  14 orc knights
  A mana viper (Snake:2)
  4 deep elf magi (D:14)
  An orc sorcerer (D:15)
  A manticore (D:15)
  4 ugly things
  3 cyclopes
  9 elephants (Lair:6)
  2 salamanders (Snake:2)
  2 guardian serpents (Snake:1)
  A siren (Lair:3)
  9 black mambas
  3 gargoyles
  5 naga magi
  Psyche (D:11)
  9 centaur skeletons
  2 kobold demonologists
  3 spiny frogs
  3 rime drakes
  2 komodo dragons
  A redback zombie (D:13)
  2 freezing wraiths (D:14)
  An efreet (D:14)
  A harpy zombie (D:14)
  A yaktaur (D:15)
  2 ice devils (D:11)
  3 polar bears
  5 tengu conjurers
  6 trolls
  2 hornets
  2 two-headed ogres
  6 dream sheep (Lair:6)
  2 harpy skeletons (D:15)
  A meliai zombie (D:15)
  9 hippogriffs
  17 blink frogs
  A redback (Lab)
  A spriggan (Lair:6)
  2 shadows
  A wyvern (Lair:3)
  3 wraiths
  Eustachio (D:6)
  11 yaks
  Grum (D:10)
  A hill giant zombie (D:11)
  8 basilisks
  4 hungry ghosts
  2 vampire mosquitoes (D:13)
  2 mottled dragons
  Menkaure (D:7)
  2 soldier ants
  8 wargs (Orc:2)
  10 water moccasins
  14 nagas
  A floating eye (shapeshifter) (Depths:2)
  33 orc warriors
  A hornet zombie (D:15)
  A porcupine (Lair:5)
  2 ice beasts
  4 sky beasts
  A black bear (Lair:6)
  8 ogres
  24 wolves
  A boggart (D:14)
  3 phantoms
  26 centaurs
  2 necrophages
  14 crocodiles
  5 big kobolds
  16 bullfrogs
  3 wyvern skeletons
  3 scorpions
  7 wights (D:9)
  3 killer bees (D:9)
  A spriggan skeleton (Lab)
  A troll skeleton (Lab)
  2 howler monkeys
  6 electric eels
  8 crimson imps
  5 centaur zombies
  7 jellies
  4 bullfrog zombies
  11 hounds
  16 orc priests
  A bullfrog skeleton (D:7)
  14 orc wizards
  13 worker ants
  7 ogre zombies (D:11)
  2 worker ant zombies
  8 adders
  3 shadow imps (D:5)
  6 oozes
  An adder skeleton (D:8)
  2 worms (D:2)
  5 dart slugs
  5 leopard geckos
  78 orcs
  4 giant cockroaches
  4 goblins
  5 hobgoblins
  12 jackals
  16 kobolds
  4 quokkas
  3 ball pythons
  5 bats
  4 frilled lizards
  A goblin skeleton (D:11)
  5 goblin zombies (D:11)
  2 hobgoblin skeletons (D:11)
  3 hobgoblin zombies (D:11)
  14 orc zombies (D:11)
  A quokka skeleton (D:8)
  5 rats
  4 plants
730 creatures vanquished.

Vanquished Creatures (others)
  5 bushes (Lair:6)
  15 fungi
  20 plants
40 creatures vanquished.

Grand Total: 770 creatures vanquished

Notes
Turn   | Place    | Note
-------+----------+-------------------------------------------
     0 | D:1      | varam the Minotaur Gladiator began the quest for the Orb.
     0 | D:1      | Reached XP level 1. HP: 18/18 MP: 0/0
   135 | D:1      | Reached skill level 4 in Staves
   205 | D:1      | Reached XP level 2. HP: 25/25 MP: 1/1
   666 | D:2      | Reached XP level 3. HP: 12/30 MP: 2/2
   687 | D:2      | HP: 4/45 [poisoned by an adder]
   695 | D:2      | HP: 3/45 [poisoned by an adder]
  1386 | D:2      | Reached skill level 5 in Staves
  1850 | D:3      | Reached XP level 4. HP: 37/37 MP: 3/3
  2051 | D:3      | Noticed Dustman's ghost (amateur HuGl)
  2065 | D:4      | Found Cacymp's Weapon Shop.
  2151 | D:5      | Entered Level 5 of the Dungeon
  2199 | D:5      | Reached skill level 6 in Staves
  2256 | D:6      | Found a staircase to the Ecumenical Temple.
  2265 | Temple   | Entered the Ecumenical Temple
  2337 | D:6      | Reached XP level 5. HP: 34/42 MP: 4/4
  2490 | D:6      | Noticed a water moccasin
  2503 | D:6      | Killed a water moccasin
  2503 | D:6      | Reached skill level 7 in Staves
  2654 | D:6      | Noticed a centaur
  2666 | D:6      | Killed a centaur
  2666 | D:6      | Reached skill level 8 in Staves
  2666 | D:6      | Reached XP level 6. HP: 38/50 MP: 5/5
  2969 | Temple   | Became a worshipper of Warmaster Okawaru
  3058 | D:6      | Reached skill level 9 in Staves
  3382 | D:6      | Reached skill level 4 in Dodging
  3382 | D:6      | Reached XP level 7. HP: 56/56 MP: 6/6
  3605 | D:3      | Reached skill level 3 in Fighting
  3680 | D:3      | Found a sparkling altar of Nemelex Xobeh.
  4530 | D:5      | Reached * piety under Okawaru
  4530 | D:5      | Reached skill level 4 in Fighting
  4530 | D:5      | Reached skill level 5 in Dodging
  5048 | D:5      | Reached skill level 5 in Fighting
  5082 | D:5      | Reached XP level 8. HP: 33/69 MP: 7/7
  5647 | D:5      | Reached skill level 6 in Dodging
  5888 | D:5      | Reached skill level 6 in Fighting
  5904 | D:5      | HP: 4/70 [something (10)]
  5916 | D:5      | HP: 4/70 [something (2)]
  5929 | D:5      | HP: 5/70 [orc/short sword (2)]
  6474 | D:6      | Noticed Eustachio
  6513 | D:6      | Killed Eustachio
  6513 | D:6      | Reached skill level 7 in Fighting
  6513 | D:6      | Reached skill level 7 in Dodging
  6530 | D:7      | Noticed Menkaure
  6769 | D:6      | Reached ** piety under Okawaru
  7274 | D:5      | HP: 4/74 [something (5)]
  7666 | D:6      | Reached skill level 1 in Armour
  8131 | D:7      | Reached XP level 9. HP: 75/81 MP: 8/8
  8267 | D:7      | Killed Menkaure
  8267 | D:7      | Reached skill level 8 in Fighting
  8267 | D:7      | Reached skill level 2 in Armour
  8267 | D:7      | Reached skill level 8 in Dodging
  9075 | D:8      | Reached skill level 10 in Staves
  9164 | D:8      | Noticed Dustman's ghost (novice HuGl)
  9415 | D:8      | Killed Dustman's ghost
  9415 | D:8      | Reached skill level 11 in Staves
  9956 | D:9      | Found Ykid's Assorted Antiques.
 10019 | D:9      | Reached skill level 9 in Dodging
 10355 | D:9      | Reached *** piety under Okawaru
 10373 | D:9      | Reached skill level 12 in Staves
 10519 | D:9      | Reached XP level 10. HP: 87/88 MP: 9/9
 10587 | D:10     | Entered Level 10 of the Dungeon
 10731 | D:10     | Noticed a gargoyle
 10739 | D:10     | Killed a gargoyle
 10891 | D:10     | Noticed Fannar
 11498 | D:10     | Killed Fannar
 11498 | D:10     | Received a gift from Okawaru
 11498 | D:10     | Reached **** piety under Okawaru
 11498 | D:10     | Reached skill level 13 in Staves
 11498 | D:10     | Reached skill level 10 in Dodging
 11752 | D:10     | Noticed Grum
 11763 | D:10     | Killed Grum
 11816 | D:10     | Noticed Snorg
 11829 | D:10     | Killed Snorg
 11829 | D:10     | Received a gift from Okawaru
 12650 | D:10     | Noticed a hill giant
 12657 | D:10     | Found a shimmering altar of Xom.
 12661 | D:10     | Reached skill level 14 in Staves
 12790 | D:10     | Gained mutation: You are weak. (Str -2) [mutagenic meat]
 12791 | D:10     | Gained mutation: Your system is resistant to poisons. (rPois) [mutagenic meat]
 12793 | D:10     | Gained mutation: You possess an exceptional clarity of mind. [mutagenic meat]
 12847 | D:10     | Killed a hill giant
 12847 | D:10     | Reached skill level 3 in Armour
 12847 | D:10     | Reached XP level 11. HP: 81/94 MP: 7/10
 12853 | D:10     | Reached skill level 4 in Armour
 13015 | D:10     | Found a staircase to the Lair.
 13280 | D:10     | Received a gift from Okawaru
 13280 | D:10     | Reached skill level 5 in Armour
 13574 | Lair:1   | Entered Level 1 of the Lair of Beasts
 13839 | Lair:1   | Reached skill level 1 in Invocations
 13858 | Lair:2   | Reached ***** piety under Okawaru
 13886 | Lair:2   | Reached skill level 2 in Invocations
 13974 | Lair:2   | Reached skill level 3 in Invocations
 14164 | Lair:1   | Received a gift from Okawaru
 14388 | Lair:1   | Reached skill level 4 in Invocations
 14813 | Lair:2   | Reached skill level 5 in Invocations
 14831 | Lair:2   | Noticed an oklob plant
 15273 | Lair:2   | Reached skill level 9 in Fighting
 15450 | Lair:2   | Noticed an oklob plant
 15881 | Lair:3   | Found a staircase to the Snake Pit.
 15966 | Lair:3   | Reached skill level 6 in Invocations
 16099 | Lair:3   | Reached skill level 10 in Fighting
 16362 | Lair:3   | Reached skill level 11 in Fighting
 16582 | Lair:3   | Received a gift from Okawaru
 16582 | Lair:3   | Reached skill level 11 in Dodging
 16642 | Lair:4   | You fall through a shaft!
 16669 | Lair:5   | Found a staircase to the Slime Pits.
 16669 | Lair:5   | Found a viscous altar of Jiyva.
 16765 | Lair:4   | Noticed a death yak
 16765 | Lair:4   | Noticed a death yak
 16829 | Lair:4   | Found a labyrinth entrance.
 16829 | Lair:4   | Noticed an oklob plant
 16832 | Lab      | Entered a labyrinth
 17110 | Lab      | Reached XP level 12. HP: 110/110 MP: 15/15
 17833 | Lab      | Noticed a minotaur
 17842 | Lab      | Killed a minotaur
 17849 | Lab      | Identified the Reference Book on Cold and Transmutation
 17850 | Lab      | Got a scintillating pewter amulet
 17851 | Lab      | Identified the amulet "Bomaidur" {Spirit rPois rC+} (You found it in a labyrinth)
 17984 | Lair:4   | Noticed a death yak
 18004 | Lair:4   | Killed a death yak
 18004 | Lair:4   | Reached skill level 6 in Armour
 18044 | Lair:4   | Killed a death yak
 18053 | Lair:4   | Killed a death yak
 18053 | Lair:4   | Reached skill level 12 in Fighting
 18053 | Lair:4   | Reached skill level 7 in Armour
 18630 | Lair:4   | Noticed an eight-headed hydra
 18644 | Lair:4   | Killed an eight-headed hydra
 18644 | Lair:4   | Reached skill level 8 in Armour
 18802 | Lair:3   | Found a staircase to the Shoals.
 18969 | Lair:5   | Noticed a four-headed hydra
 18978 | Lair:4   | Received a gift from Okawaru
 19164 | Lair:5   | Killed a four-headed hydra
 19164 | Lair:5   | Reached skill level 13 in Fighting
 19164 | Lair:5   | Reached skill level 9 in Armour
 19408 | Lair:5   | Noticed a death yak
 19410 | Lair:5   | Noticed a death yak
 19419 | Lair:5   | Noticed a death yak
 19427 | Lair:5   | Killed a death yak
 19429 | Lair:5   | Killed a death yak
 19439 | Lair:5   | Killed a death yak
 19832 | Lair:5   | Reached skill level 10 in Armour
 19905 | Lair:6   | Entered Level 6 of the Lair of Beasts
 19905 | Lair:6   | Noticed Josephine
 19942 | Lair:6   | Noticed a death yak
 19943 | Lair:6   | Noticed a death yak
 19953 | Lair:6   | Noticed a death yak
 19971 | Lair:5   | Killed a death yak
 20057 | Lair:6   | Noticed a death yak
 20057 | Lair:6   | Noticed a death yak
 20058 | Lair:6   | Noticed a death yak
 20069 | Lair:5   | Killed a death yak
 20364 | Lair:5   | HP: 6/116 [death yak (11)]
 20617 | D:10     | Reached XP level 13. HP: 113/123 MP: 16/16
 21231 | D:11     | Noticed Psyche
 21236 | D:11     | Killed Psyche
 21336 | D:11     | Found a staircase to the Orcish Mines.
 21536 | D:11     | Reached skill level 14 in Fighting
 21538 | D:11     | Noticed Sonja
 21543 | D:11     | Killed Sonja
 22391 | D:12     | Reached skill level 7 in Invocations
 22845 | D:12     | Found a runed door.
 22921 | D:12     | Reached skill level 12 in Dodging
 22948 | D:12     | Received a gift from Okawaru
 22948 | D:12     | Reached skill level 11 in Armour
 23890 | D:14     | Reached skill level 8 in Invocations
 24115 | D:15     | Entered Level 15 of the Dungeon
 24687 | Lair:6   | Reached skill level 15 in Fighting
 24796 | Lair:6   | Reached XP level 14. HP: 132/135 MP: 15/19
 24928 | Lair:6   | Reached skill level 13 in Dodging
 24939 | Lair:6   | Learned a level 3 spell: Lesser Beckoning
 24984 | Lair:6   | Reached skill level 9 in Invocations
 25749 | Lair:6   | Gained mutation: You can translocate small distances at will. [potion of mutation]
 25749 | Lair:6   | Gained mutation: You are clumsy. (Dex -2) [potion of mutation]
 25749 | Lair:6   | Gained mutation: You are dopey. (Int -2) [potion of mutation]
 25953 | Lair:6   | Reached skill level 10 in Invocations
 26054 | Lair:6   | Received a gift from Okawaru
 26054 | Lair:6   | Reached skill level 14 in Dodging
 26576 | Orc:1    | Entered Level 1 of the Orcish Mines
 26580 | Orc:1    | Found Ycvo's Antique Armour Shoppe.
 26585 | Orc:1    | Noticed Urug
 26606 | Orc:1    | Killed Urug
 26639 | Orc:1    | Bought a slimy leather armour for 217 gold pieces
 26649 | Orc:1    | Identified the +1 leather armour of the Gardener {Int+4} (You bought it in a shop on level 1 of the Orcish Mines)
 27236 | Orc:1    | Found a roughly hewn altar of Beogh.
 27339 | Orc:2    | Entered Level 2 of the Orcish Mines
 27791 | Orc:2    | Reached skill level 15 in Dodging
 27876 | Orc:2    | Found Tutajofigu's Gadget Boutique.
 27876 | Orc:2    | Found Ycuff's Gadget Shoppe.
 27975 | Orc:2    | Found a roughly hewn altar of Beogh.
 28072 | Orc:2    | Found Istral's Weapon Boutique.
 28072 | Orc:2    | Found Etohuopn's Antique Armour Shoppe.
 28595 | Orc:2    | Found a staircase to the Elven Halls.
 29372 | Orc:1    | Identified a scroll of acquirement
 29596 | D:14     | Reached skill level 16 in Dodging
 29645 | D:14     | Reached XP level 15. HP: 85/141 MP: 12/21
 30060 | D:15     | Found a staircase to the Depths.
 30128 | D:15     | Received a gift from Okawaru
 30309 | D:15     | Lost mutation: You are clumsy. (Dex -2) [potion of mutation]
 30309 | D:15     | Gained mutation: Potions and wands are less effective at restoring your health. [potion of mutation]
 30344 | D:15     | Found a sparkling altar of Nemelex Xobeh.
 30524 | D:14     | Reached skill level 17 in Dodging
 30779 | D:14     | Found a gate to the Vaults.
 30995 | D:15     | Received a gift from Okawaru
 31686 | Depths:1 | Entered Level 1 of the Depths
 31787 | Depths:1 | Noticed a lich
 31788 | Depths:1 | Noticed a lich
 32133 | Snake:1  | Entered Level 1 of the Snake Pit
 32166 | Snake:1  | Noticed Roxanne
 32206 | Snake:1  | Killed Roxanne
 32206 | Snake:1  | Reached skill level 18 in Dodging
 32207 | Snake:1  | Identified Roxanne's Almanac of Moulding (You took it off Roxanne on level 1 of the Snake Pit)
 32548 | Snake:1  | Found a shadowy altar of Dithmenos.
 33884 | Snake:1  | Lost mutation: You are weak. (Str -2) [mutagenic meat]
 33885 | Snake:1  | Gained mutation: Your flesh is heat resistant. (rF+) [mutagenic meat]
 34049 | Snake:2  | Learned a level 2 spell: Blink
 34052 | Snake:2  | Learned a level 2 spell: Passwall
 34114 | Snake:2  | Reached skill level 19 in Dodging
 34331 | Snake:2  | HP: 6/141 [naga warrior/mace (16)]
 34331 | Snake:2  | HP: 1/141 [naga warrior/mace (5)]
 34332 | Snake:2  | Mangled by a salamander

Skill      XL: |  1  2  3  4  5  6  7  8  9 10 11 12 13 14 15 |
---------------+----------------------------------------------+-----
Staves         | 4 5 6 8 9 12 14 | 14.2
Dodging        | 4 5 7 9 10 11 12 16 19 | 19.1
Fighting       | 5 7 8 11 13 15 | 15.3
Armour         | 1 2 3 5 10 11 | 11.0
Invocations    | 6 8 10 | 10.0
Throwing       | |  2.0

Action                   |  1- 3 |  4- 6 |  7- 9 | 10-12 | 13-15 || total
-------------------------+-------+-------+-------+-------+-------++-------
Melee: Quarterstaff      |    73 |    59 |   346 |   671 |  1252 ||  2401
       Headbutt          |    13 |    12 |    72 |   197 |   487 ||   781
       Unarmed           |       |       |       |     2 |       ||     2
       Lajatang          |       |       |       |       |   493 ||   493
Throw: Tomahawk          |       |       |     5 |     3 |    24 ||    32
       Throwing net      |       |       |     1 |       |       ||     1
Invok: Heroism           |       |       |    13 |    27 |    40 ||    80
       Finesse           |       |       |       |     2 |     5 ||     7
Evoke: Wand              |       |       |       |     2 |     1 ||     3
  Use: Potion            |     4 |     2 |     1 |     8 |     4 ||    19
       Scroll            |       |       |    14 |    10 |    15 ||    39
 Stab: Paralysed         |       |       |       |     3 |     1 ||     4
       Sleeping          |       |       |       |       |     6 ||     6
       Distracted        |       |       |       |       |     2 ||     2
       Confused          |       |       |       |       |     3 ||     3
  Eat: Bread ration      |     1 |       |     1 |     3 |     2 ||     7
       Chunk             |       |     3 |    13 |    20 |    42 ||    78
       Royal jelly       |       |       |     1 |       |       ||     1
       Pizza             |       |       |     1 |       |       ||     1
       Beef jerky        |       |       |       |     2 |       ||     2
Armor: Leather armour    |    10 |     4 |       |       |       ||    14
       Ring mail         |       |       |    71 |     5 |       ||    76
       Animal skin       |       |       |       |     9 |       ||     9
       Troll leather arm |       |       |       |    79 |   175 ||   254
       Plate armour      |       |       |       |     2 |       ||     2
       Scale mail        |       |       |       |       |     8 ||     8
Dodge: Dodged            |    45 |    42 |   203 |   488 |  1309 ||  2087
